 Dungeon Sprint DCSS version 0.19.1 (webtiles) character file.

1938 equalderp2856 the Ripper (level 8, -4/40 HPs)
             Began as a Felid Fighter on Dec 20, 2016.
             Was an Elder of Fedhas.
             Slain by an eight-headed hydra (5 damage)
             ... in the Dungeon (Sprint IX: "|||||||||||||||||||||||||||||").
             The game lasted 00:07:05 (3543 turns).

equalderp2856 the Ripper (Felid Fighter)            Turns: 3543, Time: 00:07:06

Health: -4/40      AC:  2    Str: 13    XL:     8   Next: 97%
Magic:  11/11      EV: 31    Int: 10    God:    Fedhas [****..]
Gold:   0          SH:  0    Dex: 17    Spells: 0 memorised, 7 levels left
                                        Lives:  0   Deaths: 2

rFire  . . .     SeeInvis +       - Unarmed
rCold  . . .     Gourm    .     (armour unavailable)
rNeg   . . .     Faith    .     (shield unavailable)
rPois  .         Spirit   .     (helmet unavailable)
rElec  .         Reflect  .     (cloak unavailable)
rCorr  .         Harm     .     (gloves unavailable)
MR     +....     NoTele   +     (boots unavailable)
Stlth  ++++......               (no amulet)
                                (no ring)
                                (no ring)

@: quick
A: no armour, no weapons or thrown items, stealth, claws 1, fangs 3, see
invisible, carnivore 3, speed 1, shaggy fur 2, slow metabolism 1, sharp paws
a: Fungal Bloom, Evolution, Sunlight, Growth, Reproduction, Renounce Religion


You were in the Dungeon.
You worshipped Fedhas.
Fedhas was greatly pleased with you.
You were not hungry.

You visited 1 branch

Inventory:

Jewellery
 m - a +3 ring of dexterity
 n - a +2 ring of protection
Wands
 l - a wand of lightning (4/15)
Scrolls
 h - 3 scrolls of blinking
 j - 4 scrolls of remove curse
 k - 2 scrolls of amnesia
 s - 2 scrolls of recharging
 t - a scroll of fear
Potions
 a - a potion of might
 c - a potion of invisibility
 d - a potion of heal wounds
 e - a potion of haste
 f - 4 potions of magic
 g - a potion of berserk rage
 i - 5 potions of curing
 o - a potion of brilliance
 p - a potion of resistance
 q - 2 potions of cure mutation
Miscellaneous
 r - a disc of storms


   Skills:
 + Level 7.7 Fighting
 + Level 15.9 Dodging
 + Level 7.5 Stealth
 + Level 17.3 Unarmed Combat
 + Level 2.7 Evocations


You had 7 spell levels left.
You didn't know any spells.

Dungeon Overview and Level Annotations

Branches:
Dungeon (1/1)

Altars:
Cheibriados
Dithmenos
Elyvilon
Fedhas
Gozag
Hepliaklqana
Kikubaaqudgha
Makhleb
Nemelex Xobeh
Okawaru
Qazlal
Ru
Sif Muna
Trog
Uskayaw
Vehumet
Xom
Yredelemnul
Zin
The Shining One
Beogh
Jiyva
Lugonu


Innate Abilities, Weirdness & Mutations

You cannot wear armour.
You are incapable of wielding weapons or throwing items.
Your paws allow you to move quietly. (Stealth)
You have sharp claws.
You have razor-sharp teeth.
You have supernaturally acute eyesight. (SInv)
You are carnivorous and can eat meat at any time.
You cover ground quickly.
You are covered in thick fur. (AC +2)
You have a slow metabolism.
Your sharp claws are effective at attacking unaware monsters.


Message History

You die...
The eight-headed hydra completely misses you. x2
You are now level 8!
You rejoin the land of the living...
You see here a +0 helmet.
You see here a +0 helmet.
Items here: ))))))) [ You see here a +0 helmet.
You see here a +0 helmet.
You see here a +0 plate armour.
There is an open door to the Dungeon here.
There is an open door, spattered with blood here.
There is an open door here.
The eight-headed hydra completely misses you. x2
The eight-headed hydra closely misses you.
The eight-headed hydra bites you. The eight-headed hydra bites you! x3
* * * LOW HITPOINT WARNING * * *
The eight-headed hydra bites you.
You die...
Fedhas appreciates your contribution to the ecosystem.

▓▓▓▓▓▓▓▓▓▓▓▓▓▓▓▓▓▓▓▓▓▓▓▓▓▓▓▓▓▓▓▓▓
______.'..[)[[[..'......'......'.
▓▓▓▓▓▓▓▓▓▓▓▓▓▓▓▓▓▓▓▓▓▓▓▓▓▓▓▓▓▓▓▓▓
...............D@................
▓▓▓▓▓▓▓▓▓▓▓▓▓▓▓▓▓▓▓▓▓▓▓▓▓▓▓▓▓▓▓▓▓
...Y. ▓▓▓▓▓


You could see an eight-headed hydra.

Vanquished Creatures
  A centaur warrior (D)
  A manticore (D)
  An elephant (D)
  A black mamba (D)
  A spiny frog (D)
  A komodo dragon (D)
  A troll (D)
  A blink frog (D)
  A basilisk (D)
  A vampire mosquito (D)
  A soldier ant (D)
  3 water moccasins (D)
  4 porcupines (D)
  An orc warrior (D)
  2 ogres (D)
  A wolf (D)
  A centaur (D)
  A scorpion (D)
  2 killer bees (D)
  A hound (D)
  An orc wizard (D)
  A dart slug (D)
  A leopard gecko (D)
  An orc (D)
  A goblin (D)
  2 bats (D)
  A frilled lizard (D)
  A quokka skeleton (D)
36 creatures vanquished.

Notes
Turn   | Place    | Note
-------+----------+-------------------------------------------
     0 | D        | equalderp2856 the Felid Fighter began the quest for the Orb.
     0 | D        | Reached XP level 1. HP: 10/10 MP: 2/2
   304 | D        | Noticed an orc wizard
   304 | D        | Noticed a scorpion
   304 | D        | Noticed an ogre
   304 | D        | Noticed a centaur
   310 | D        | Killed an orc wizard
   310 | D        | Reached skill level 6 in Unarmed Combat
   310 | D        | Reached XP level 2. HP: 15/15 MP: 3/3
   310 | D        | Reached XP level 3. HP: 18/18 MP: 4/4
   320 | D        | Killed a scorpion
   320 | D        | Reached skill level 1 in Stealth
   320 | D        | Reached skill level 7 in Unarmed Combat
   320 | D        | Reached XP level 4. HP: 10/22 MP: 5/5
   328 | D        | Killed an ogre
   328 | D        | Reached skill level 5 in Fighting
   328 | D        | Reached skill level 9 in Unarmed Combat
   328 | D        | Reached XP level 5. HP: 13/26 MP: 6/6
   338 | D        | Killed a centaur
   338 | D        | Reached skill level 10 in Unarmed Combat
   522 | D        | Found a roughly hewn altar of Beogh.
   522 | D        | Found a snail-covered altar of Cheibriados.
   522 | D        | Found a shadowy altar of Dithmenos.
   522 | D        | Found a white marble altar of Elyvilon.
   522 | D        | Found a blossoming altar of Fedhas.
   522 | D        | Found an opulent altar of Gozag.
   523 | D        | Found a hazy altar of Hepliaklqana.
   524 | D        | Found a viscous altar of Jiyva.
   525 | D        | Found an ancient bone altar of Kikubaaqudgha.
   526 | D        | Found a corrupted altar of Lugonu.
   527 | D        | Found a burning altar of Makhleb.
   537 | D        | Found a sparkling altar of Nemelex Xobeh.
   538 | D        | Found an iron altar of Okawaru.
   539 | D        | Found a stormy altar of Qazlal.
   542 | D        | Found a sacrificial altar of Ru.
   543 | D        | Found a deep blue altar of Sif Muna.
   544 | D        | Found a bloodstained altar of Trog.
   545 | D        | Found a hide-covered altar of Uskayaw.
   546 | D        | Found a radiant altar of Vehumet.
   554 | D        | Became a worshipper of Fedhas Madash
   562 | D        | Found a shimmering altar of Xom.
   563 | D        | Found a basalt altar of Yredelemnul.
   564 | D        | Found a glowing silver altar of Zin.
   565 | D        | Found a glowing golden altar of the Shining One.
   590 | D        | Noticed a soldier ant
   590 | D        | Noticed an ogre
   592 | D        | Gained mutation: You are covered in thick fur. (AC +2) [Felid growth]
   592 | D        | Reached XP level 6. HP: 31/31 MP: 7/7
   626 | D        | Killed a soldier ant
   626 | D        | Reached skill level 10 in Dodging
   626 | D        | Reached skill level 11 in Unarmed Combat
   629 | D        | Reached XP level 7. HP: 28/35 MP: 8/8
   704 | D        | Noticed a manticore
   704 | D        | Noticed a vampire mosquito
   704 | D        | Noticed a troll
   704 | D        | Noticed a centaur warrior
   711 | D        | Killed a manticore
   711 | D        | Reached skill level 13 in Unarmed Combat
   711 | D        | Reached skill level 1 in Evocations
   743 | D        | Mangled by a vampire mosquito
   744 | D        | Reached XP level 6. HP: -6/31 MP: 7/7
   798 | D        | Killed an orc warrior
   798 | D        | Reached XP level 7. HP: 30/35 MP: 8/8
   811 | D        | Killed a centaur warrior
   811 | D        | Reached skill level 14 in Unarmed Combat
   811 | D        | Reached XP level 8. HP: 38/40 MP: 8/10
   819 | D        | Killed a troll
   977 | D        | Reached skill level 15 in Unarmed Combat
   985 | D        | Reached * piety under Fedhas
  1150 | D        | Noticed a black mamba
  1150 | D        | Noticed a komodo dragon
  1150 | D        | Noticed a blink frog
  1151 | D        | Noticed an elephant
  1154 | D        | Killed a black mamba
  1522 | D        | Killed a komodo dragon
  1522 | D        | Reached XP level 9. HP: 43/43 MP: 11/11
  1533 | D        | Reached skill level 15 in Dodging
  1533 | D        | Reached skill level 16 in Unarmed Combat
  1773 | D        | Reached ** piety under Fedhas
  1801 | D        | Killed an elephant
  2029 | D        | Reached *** piety under Fedhas
  2220 | D        | Noticed a spiny frog
  2220 | D        | Noticed an eight-headed hydra
  2479 | D        | Killed a spiny frog
  2479 | D        | Reached skill level 17 in Unarmed Combat
  3238 | D        | Reached **** piety under Fedhas
  3499 | D        | Mangled by an eight-headed hydra
  3500 | D        | Reached XP level 8. HP: -9/40 MP: 11/11
  3543 | D        | HP: 1/40 [eight-headed hydra (13)]
  3543 | D        | Slain by an eight-headed hydra

Skill      XL: |  1  2  3  4  5  6  7  8  9 |
---------------+----------------------------+-----
Dodging        | 6 8 9 10 13 14 15 | 15.9
Unarmed Combat | 6 7 9 10 11 14 15 17 | 17.3
Fighting       | 4 5 6 7 |  7.7
Stealth        | 1 2 4 6 7 |  7.5
Evocations     | 1 2 |  2.7

Action                   |  1- 3 |  4- 6 |  7- 9 || total
-------------------------+-------+-------+-------++-------
Melee: Unarmed           |    31 |    38 |   104 ||   173
       Bite              |     3 |     6 |     9 ||    18
       Punch             |     1 |       |    10 ||    11
Evoke: Wand              |       |     3 |       ||     3
       Disc of storms    |       |       |    18 ||    18
  Use: Potion            |     1 |     2 |     1 ||     4
 Stab: Sleeping          |       |     1 |     1 ||     2
       Distracted        |       |       |     1 ||     1
  Eat: Meat ration       |       |       |     1 ||     1
Dodge: Dodged            |    27 |    24 |   141 ||   192
